Map: Автоматон РВ

Players

Murena

  • Race: Terran Terran
  • Spawn Location: 9:00

ИИ 1 (эксперт) - Winner!

  • Race: Protoss Protoss
  • Spawn Location: 3:00

VOD

Have the link to the VOD?

Description

Time

  • Played on: April 13, 2019, 12:26 p.m.
  • Length: 5:41
Show
View Real Time Build Order
Export as new Build Order

Murena Terran 

Build Orders: Cyclone Opening 

Get SALT Encoding   

  12  0:00  SCV  
  13  0:13  SCV  
  14  0:21  Supply Depot  
  14  0:25  SCV  
  15  0:36  Refinery  
  15  0:45  Barracks  
  15  0:46  SCV  
  16  0:58  SCV  
  17  1:07  Barracks  
  17  1:10  SCV  
  18  1:22  Supply Depot  
  18  1:23  SCV  
  19  1:31  Marine  
  20  1:37  SCV  
  21  1:47  Factory  
  21  1:50  SCV  
  21  1:52  Marine  
  23  1:56  Marine  
  24  2:04  SCV  
  25  2:09  Refinery  
  25  2:10  Marine  
  26  2:16  Marine  
  26  2:21  Supply Depot  
  27  2:29  Barracks Tech Lab  
  27  2:32  Factory Tech Lab  
  27  2:36  Barracks Reactor  
  27  2:40  Orbital Command  
  27  2:48  Marauder  
  29  2:58  Cyclone  
  32  3:07  Supply Depot  
  32  3:11  Marine  
  32  3:12  Marine  
  34  3:17  Marauder  
  36  3:21  Concussive Shells  
  36  3:24  SCV  
  37  3:30  Marine x2  
  39  3:38  Cyclone  
  42  3:44  Marauder  
  42  3:47  SCV  
  45  3:49  Marine  
  45  3:51  Marine  
  47  3:58  Supply Depot  
  47  4:06  Engineering Bay  
Show
View Real Time Build Order
Export as new Build Order

ИИ 1 (эксперт) Protoss - Winner!

Build Orders: 1 Gate Expand 

Get SALT Encoding   

  12  0:00  Probe  
  13  0:13  Probe  
  14  0:21  Pylon  
  14  0:25  Probe  
  15  0:35  Probe  
  16  0:43  Probe  
  17  0:51  Gateway  
  17  0:53  Probe  
  18  1:01  Probe  
  19  1:17  Probe  
  19  1:19  Nexus  
  20  1:29  Probe  
  21  1:38  Pylon  
  21  1:40  Zealot  
  21  1:46  Cybernetics Core  
  23  1:51  Assimilator  
  23  1:56  Probe  
  24  2:04  Probe  
  25  2:12  Probe  
  25  2:22  Probe, Pylon  
  26  2:26  Warp Gate  
  27  2:30  Probe  
  27  2:31  Probe  
  27  2:35  Gateway  
  29  2:41  Probe  
  29  2:43  Assimilator  
  30  2:52  Probe  
  30  2:53  Stalker  
  30  2:58  Pylon  
  33  2:59  Probe  
  34  3:06  Probe  
  34  3:11  Probe  
  36  3:22  Adept  
  36  3:23  Probe, Adept  
  36  3:24  Probe  
  42  3:31  Robotics Facility  
  42  3:32  Probe  
  42  3:35  Probe  
  42  3:40  Probe  
  44  3:47  Probe  
  46  3:49  Adept  
  46  3:51  Probe  
  46  3:53  Adept  
  51  3:59  Probe  
  52  4:07  Probe, Pylon  
  53  4:11  Probe  
  54  4:18  Gateway  
  54  4:19  Robotics Bay  
  54  4:21  Probe  
  55  4:27  Adept, Pylon  
  55  4:29  Observer  
  58  4:31  Adept  
  60  4:39  Probe  
  60  4:40  Probe  
  60  4:41  Pylon  
  62  4:50  Robotics Facility  
  62  4:57  Stalker  
  64  5:00  Zealot  
  62  5:08  Gateway  
  62  5:12  Stalker  
  54  5:19  Zealot  
  54  5:20  Zealot  
  45  5:32  Adept  
  45  5:35  Zealot  
  43  5:40  Stalker  
Tags
 
Add a new tag
Caveats
  • Supply blocks, unpowered buildings, or Contaminate may cause inaccurate times.
  • Supply counts are checked every 10 seconds.